 Dungeon Crawl Stone Soup version 0.32-a0-705-g60f233581c (webtiles) character file.

Game seed: 4527114620364555925

146 BeKind the Shield-Bearer (level 5, -2/36 HPs)
             Began as an Octopode Fighter on Mar 15, 2024.
             Slain by a hound (5 damage)
             ... on level 5 of the Dungeon.
             The game lasted 00:03:51 (2660 turns).

BeKind the Shield-Bearer (Octopode Fighter)         Turns: 2660, Time: 00:03:52

Health: -2/36      AC:  1    Str: 16    XL:     5   Next: 28%
Magic:  0/5        EV: 12    Int: 10    God:
Gold:   188        SH:  4    Dex: 13    Spells: 4/4 levels left

rFire   . . .        a - +0 trident
rCold   . . .        b - +0 buckler
rNeg    . . .        (helmet restricted)
rPois   .            w - amulet of guardian spirit
rElec   .            j - ring of willpower
rCorr   .            (no ring)
SInv    .            (no ring)
Will    +....        (no ring)
Stlth   ++           (no ring)
HPRegen 0.26/turn    (no ring)
MPRegen 0.09/turn    (no ring)
                     (no ring)

%: guardian spirit
@: mighty, lethally poisoned (-2 -> -4)
A: almost no armour, amphibious, 8 rings, camouflage 1, gelatinous body 1,
(nimble swimmer 1), tentacles
a: no special abilities


You were on level 5 of the Dungeon.
You visited 1 branch of the dungeon, and saw 5 of its levels.

You collected 188 gold pieces.

Inventory:

Hand Weapons
 a - a +0 trident (weapon)
 p - the +2 short sword of Leogul {protect, Str+4 Int-3}
   (You found it on level 2 of the Dungeon)

   Str+4:     It affects your strength (+4).
   Int-3:     It affects your intelligence (-3).
Missiles
 g - 5 boomerangs
 y - 2 throwing nets (quivered)
Armour
 b - a +0 buckler (worn)
Jewellery
 j - a ring of willpower (left tentacle)
 w - an amulet of guardian spirit (around mantle)
Wands
 u - a wand of mindburst (19)
Scrolls
 d - a scroll of torment {unknown}
 f - a scroll of teleportation {unknown}
 k - 3 scrolls of blinking {unknown}
 l - 6 scrolls of identify {unknown}
 r - a scroll of enchant armour {unknown}
 t - a scroll of vulnerability {unknown}
 v - a scroll of fog {unknown}
Potions
 c - a potion of might
 e - 3 potions of lignification {unknown}
 h - 3 potions of resistance {unknown}
 i - a potion of curing {unknown}
 m - 3 potions of heal wounds {unknown}
 n - a potion of invisibility {unknown}
 o - 2 potions of attraction {unknown}
 q - a potion of cancellation {unknown}
 s - a potion of enlightenment {unknown}
 x - a potion of berserk rage {unknown}
 z - a potion of degeneration {unknown}


   Skills:
 + Level 3.6 Fighting
 + Level 2.9 Polearms
 * Level 2.0 Throwing
 + Level 3.7 Dodging
 + Level 3.7 Shields


You had 4 spell levels left.
You didn't know any spells.
Your spell library contained the following spells:

 Spells                   Type           Power      Damage    Failure   Level
 Slow                     Hex            0%         N/A       43%         1
 Confusing Touch          Hex            0%         N/A       82%         3
 Vampiric Draining        Necr           0%         2d6       82%         3


Dungeon Overview and Level Annotations

Branches:
Dungeon (5/15)
 Temple: D:4-7

Altars:
Vehumet


Innate Abilities, Weirdness & Mutations

You cannot wear most types of armour.
You are amphibious.
You can wear up to eight rings at the same time.
Your skin changes colour to match your surroundings (Stealth+).
Your rubbery body absorbs attacks. (AC +1, EV +1)
((You are camouflaged when in or above water. (Stealth+)))
You have tentacles for arms and can constrict up to eight enemies at once.


Message History

You climb downwards.
Found an escape hatch in the floor.
There is a stone staircase leading up here.
A scorpion is nearby!
Found a ring mail and 10 gold pieces.
You see here a +0 ring mail.
Found a stone staircase leading up.
A scorpion is nearby!
You see here 10 gold pieces.
A hound comes into view.
There is a stone staircase leading up here.
The hound barks!
You hear a shout! x2
You climb upwards.
There is a stone staircase leading down here.
You start resting.
Magic restored.
You start resting.
A gnoll bouda is nearby!
You climb downwards.
The hound barely misses you.
The scorpion stings you but does no damage.
You block the hound's attack.
An ufetubus comes into view.
The scorpion stings you.
You are poisoned.
The scorpion poisons you!
There is a stone staircase leading up here.
You feel very sick.
The hound stops to sniff the ground. x2
The hound closely misses you.
You feel sick.
An ufetubus comes into view.
You feel sick. The hound bites you.
* * * LOW HITPOINT WARNING * * *
You miss the hound. You grab the hound. You constrict the hound.
You feel sick. The hound bites you.
* * * LOW HITPOINT WARNING * * *
The hound closely misses you.
You feel very mighty all of a sudden.
You constrict the hound.
You feel sick. The hound bites you.
You die...

#. ###.### .....#
#...#######
#..........
#5###.#<# #......s#
......#h# #######
#######@# .......
#.# ##....... #$#
#.s......
#######.###..>.....
........##.........
#######[##.........
#######.##.<.......
...................
..#####.###........


You could see a scorpion and a hound.

Vanquished Creatures
  An iguana (D:4)
  2 gnolls
  2 adders (D:3)
  A dart slug (D:4)
  3 ribbon worms
  7 ball pythons
  7 bats
  7 endoplasms
  2 giant cockroaches
  4 goblins
  9 hobgoblins
  5 jackals
  5 kobolds
  4 quokkas
  11 frilled lizards
  A rat (D:3)
71 creatures vanquished.

Notes
Turn   | Place    | Note
-------+----------+-------------------------------------------
     0 | D:1      | BeKind the Octopode Fighter began the quest for the Orb.
     0 | D:1      | Reached XP level 1. HP: 16/16 MP: 1/1
   108 | D:1      | Reached XP level 2. HP: 21/21 MP: 2/2
   453 | D:1      | Reached XP level 3. HP: 21/26 MP: 3/3
   955 | D:2      | Identified the +2 short sword of Leogul {protect, Str+4
                  | Int-3}
  1448 | D:3      | Reached skill level 1 in Throwing
  1448 | D:3      | Reached XP level 4. HP: 31/31 MP: 4/4
  1816 | D:3      | Found a radiant altar of Vehumet.
  2248 | D:4      | Reached XP level 5. HP: 32/36 MP: 3/5
  2588 | D:4      | HP: 1/36 [gnoll/javelin[a gnoll bouda] (13)]
  2592 | D:5      | Entered Level 5 of the Dungeon
  2660 | D:5      | Slain by a hound

Illustrated notes

Levels and vault maps discovered:
D:1:      lightli_iron_boxes, layout_loops_cross
D:2:      layout_rooms, serial_bayou, serial_bayou_ford_a, serial_bayou_pond_d,
          serial_bayou_lagoon_a, serial_bayou_shore_b,
          minmay_misc_feat_four_crosses, minmay_heptomino_o4
D:3:      layout_rooms, mainiacjoe_overflow_surrounded_room,
          small_statue_intersection, grunt_ministairs_14, st_stairs_1
D:4:      layout_cave_pools
D:5:      layout_loops_ring, gammafunk_temple_overflow_forgotten,
          kennysheep_mini

Skill      XL: |  1  2  3  4  5 |
---------------+----------------+-----
Throwing       | 1 2 |  2.0
Fighting       | |  3.6
Polearms       | |  2.9
Dodging        | |  3.7
Shields        | |  3.7

Action                     |  1- 3 |  4- 6 || total
---------------------------+-------+-------++-------
  Melee: Trident           |    57 |    17 ||    74
         Constrict         |    18 |    14 ||    32
         Tentacles         |     8 |     8 ||    16
         Short sword       |    18 |    32 ||    50
  Throw: Stone             |    26 |     3 ||    29
    Use: Potion            |       |     1 ||     1
   Stab: Sleeping          |    12 |     3 ||    15
         Distracted        |     1 |       ||     1
 Armour: Skin              |    17 |    19 ||    36
  Dodge: Dodged            |    24 |    32 ||    56
  Block: Buckler           |    11 |    15 ||    26

Table legend: (Time is in decaauts)
 A = Elapsed time spent in this place.
 B = Non-inter-level travel time spent in this place.
 C = Inter-level travel time spent in this place.
 D = Time resting spent in this place.
 E = Time spent auto-exploring this place.
 F = Levels seen in this place.
 G = Mean time per level.
                   A        B        C        D        E       F      G
               +--------+--------+--------+--------+--------+-----+--------+
         Total |   2679 |   2495 |    184 |    280 |   1715 |   5 |  535.8 |
       Dungeon |   2679 |   2495 |    184 |    280 |   1715 |   5 |  535.8 |
               +--------+--------+--------+--------+--------+-----+--------+

Top non-repeatable levels by time:
     D:3: 863 daAuts
     D:1: 765 daAuts
     D:2: 572 daAuts
     D:4: 456 daAuts
     D:5: 21 daAuts
